 Dungeon Crawl Stone Soup version 0.21-a0-184-g9126a74 (webtiles) character file.

137 seren the Poker (level 5, -1/41 HPs)
             Began as a Merfolk Skald on Aug 11, 2017.
             Slain by an orc wizard
             ... wielding a +0 dagger
              (3 damage)
             ... on level 3 of the Dungeon.
             The game lasted 00:07:41 (2788 turns).

seren the Poker (Merfolk Skald)                     Turns: 2788, Time: 00:07:41

Health: -1/41      AC:  5    Str: 12    XL:     5   Next: 20%
Magic:  8/8        EV: 13    Int: 13    God:
Gold:   99         SH:  0    Dex: 13    Spells: 5/8 levels left

rFire    . . .     SeeInvis .   a - +0 spear
rCold    . . .     Gourm    .   (no shield)
rNeg     . . .     Faith    .   v - +0 leather armour
rPois    .         Spirit   .   (no helmet)
rElec    .         Reflect  .   (no cloak)
rCorr    .         Harm     .   e - +0 pair of gloves
MR       .....                  o - +0 pair of boots
Stlth    +.........             (no amulet)
HPRegen  0.13/turn              (no ring)
MPRegen  0.11/turn              (no ring)

@: about to teleport, hasted, very quick
A: change form in water, swift swim, stealthy swim
a: no special abilities


You were on level 3 of the Dungeon.
You were not hungry.

You visited 1 branch of the dungeon, and saw 3 of its levels.

You collected 99 gold pieces.

Inventory:

Hand Weapons
 a - a +0 spear (weapon)
 b - a +0 hunting sling
Missiles
 s - 63 stones (quivered)
Armour
 e - a +0 pair of gloves (worn)
 o - a +0 pair of boots (worn)
 v - a +0 leather armour (worn)
Jewellery
 w - an uncursed ring of ice
Scrolls
 f - a scroll of enchant armour {unknown}
 g - 2 scrolls of teleportation {!r}
 h - a scroll of enchant weapon {unknown}
 l - 4 scrolls of remove curse
 m - 2 scrolls of identify {unknown}
 p - a scroll of recharging {unknown}
 q - a scroll of immolation {unknown}
 x - 3 scrolls of amnesia {unknown}
Potions
 n - a potion of cancellation {unknown}
 r - a potion of mutation {unknown}
 t - a potion of heal wounds {unknown}
 z - a potion of curing {unknown}
Books
 c - a book of Battle

   Spells                             Type                      Level
   a - Infusion                       Charms                       1
   b - Shroud of Golubria             Charms/Translocation         2
   c - Song of Slaying                Charms                       2
   d - Spectral Weapon                Hexes/Charms                 3
   e - Regeneration                   Charms/Necromancy            3
Comestibles
 d - a bread ration
 i - a royal jelly
 k - 3 meat rations
 u - 4 chunks of flesh


   Skills:
 + Level 3.4 Fighting
 * Level 5.3 Polearms
 - Level 1.1 Armour
 + Level 4.0 Dodging
 - Level 2.0 Spellcasting
 - Level 3.2 Charms


You had 5 spell levels left.
You knew the following spells:

 Your Spells              Type           Power        Failure   Level  Hunger
a - Infusion              Chrm           #...         9%          1    ##.....
b - Shroud of Golubria    Chrm/Tloc      #.........   26%         2    ###....


Dungeon Overview and Level Annotations

Branches:
Dungeon (3/15)

Altars:
Zin

Annotations:
D:3 Ijyb


Message History

An orc comes into view.
The orc shouts!
An orc, an orc priest and Ijyb come into view.
An orc comes into view.
Really read
g - 3 scrolls of teleportation {!r}?
As you read the scroll of teleportation {!r}, it crumbles to dust.
You feel strangely unstable.
The orc shouts!
The orc priest shouts!
The orc wizard hits you but does no damage.
Okay, then.
It was a potion of haste.
You feel yourself speed up. The orc barely misses you.
Ijyb zaps a wand.
You resist with some effort.
It is a wand of polymorph (?/24).
The orc wizard barely misses you.
The orc priest invokes the aid of Beogh against you.
Beogh smites you!
* * * LOW HITPOINT WARNING * * *
The frilled lizard misses you.
The orc shouts!
The orc hits you but does no damage. The orc wizard hits you with a dagger.
You die...

............. ###.. ##
#............ ....#
...#......g....o #.##
........w...o.o
......#......#......o.
..............#.....#
...............oloo##########
.............#.#@oo.o.......#
......#.....oo.######.......#
......#........#o.o.........#
...>...........).#####.......
........)<#..#.#.........###.
#...#..#.###..............#
#...........................
###....#.####......(.#.######
##..#...# #.......##.# ##


You could see Ijyb, 3 orc priests, 2 orc wizards, a dart slug, 4 orcs and a
frilled lizard.

Vanquished Creatures
  Terence (D:3)
  A worker ant (D:3)
  A gnoll (D:1)
  2 oozes
  2 worms
  A dart slug (D:1)
  A leopard gecko (D:1)
  4 orcs (D:3)
  5 bats
  5 giant cockroaches
  11 goblins
  5 hobgoblins
  6 kobolds
  A quokka (D:2)
  A ball python (D:2)
  3 frilled lizards
  7 rats
57 creatures vanquished.

Notes
Turn   | Place    | Note
-------+----------+-------------------------------------------
     0 | D:1      | seren the Merfolk Skald began the quest for the Orb.
     0 | D:1      | Reached XP level 1. HP: 16/16 MP: 3/3
   286 | D:1      | Reached XP level 2. HP: 20/23 MP: 5/5
   317 | D:1      | Reached skill level 1 in Armour
   388 | D:1      | Reached skill level 4 in Polearms
   388 | D:1      | Reached XP level 3. HP: 8/28 MP: 1/6
  1271 | D:2      | Reached XP level 4. HP: 26/34 MP: 7/7
  1712 | D:2      | Found a glowing silver altar of Zin.
  2401 | D:3      | Found a faded altar of an unknown god.
  2519 | D:3      | Reached skill level 5 in Polearms
  2535 | D:3      | Noticed Terence
  2695 | D:2      | Learned a level 2 spell: Shroud of Golubria
  2725 | D:3      | Killed Terence
  2725 | D:3      | Reached XP level 5. HP: 32/41 MP: 2/8
  2785 | D:3      | Noticed Ijyb
  2787 | D:3      | HP: 1/41 [orc priest/divine providence (14)]
  2788 | D:3      | Slain by an orc wizard

Vault maps used:
D:1:      lemuel_arrival_river_ford
D:2:      nicolae_overflow_hidden_temple
D:3:      lemuel_doored_altar, chequers_ecumenical_altar_island,
          hangedman_feature_mirror, uniq_ijyb, uniq_terence

Skill      XL: |  1  2  3  4 |
---------------+-------------+-----
Dodging        | 3 4 |  4.0
Armour         | 1 |  1.1
Polearms       | 4 5 |  5.3
Fighting       | 3 |  3.4
Spellcasting   | |  2.0
Charms         | |  3.2

Action                   |  1- 3 |  4- 6 || total
-------------------------+-------+-------++-------
Melee: Spear             |   149 |   140 ||   289
 Fire: Hunting sling     |       |     4 ||     4
 Cast: Infusion          |     2 |     3 ||     5
       Shroud of Golubri |       |     1 ||     1
  Use: Scroll            |       |     3 ||     3
       Potion            |       |     1 ||     1
  Eat: Chunk             |     1 |     5 ||     6
Armor: Leather armour    |    27 |    17 ||    44
Dodge: Dodged            |    79 |    75 ||   154
